 Dungeon Crawl Stone Soup version 0.24-a0-592-g9a1d66b0e3 (webtiles) character file.

Game seed: 7439000249286606737, levelgen mode: deterministic

15488 Gargoyl the Cleaver (level 12, 0/97 HPs)
             Began as a Centaur Abyssal Knight on Sept 8, 2019.
             Was a Priest of Lugonu.
             Slain by a shadow wraith (17 damage)
             ... on level 13 of the Dungeon on Sept 9, 2019.
             The game lasted 00:25:31 (12752 turns).

Gargoyl the Cleaver (Centaur Abyssal Knight)       Turns: 12752, Time: 00:25:31

Health: 0/97       AC: 19    Str: 18    XL:     12   Next: 1%
Magic:  8/18       EV:  6    Int: 11    God:    Lugonu [***...]
Gold:   815        SH:  0    Dex: 11    Spells: 11/11 levels left

rFire    . . .     SeeInvis +   a - +3 hand axe
rCold    . . .     Gourm    .   (no shield)
rNeg     + . .     Faith    .   w - +0 plate armour
rPois    .         Spirit   .   (helmet restricted)
rElec    .         Reflect  .   e - +2 cloak
rCorr    .         Harm     .   l - +2 pair of gloves
MR       .....                  (no barding)
Stlth    ..........             f - amulet of regeneration
HPRegen  0.66/turn              d - ring of positive energy
MPRegen  0.16/turn              y - ring of see invisible

@: slowed
A: large, hooves 3, horns 1, deformed body, speed 2, shaggy fur 1, tough skin 3
a: Depart the Abyss, Bend Space, Banish, Renounce Religion


You were on level 13 of the Dungeon.
You worshipped Lugonu.
Lugonu was most pleased with you.
You were not hungry.

You visited 1 branch of the dungeon, and saw 12 of its levels.
You visited the Abyss 2 times.

You collected 965 gold pieces.
You spent 150 gold pieces at shops.

Inventory:

Hand Weapons
 a - a +3 hand axe (weapon)
Missiles
 q - 3 boomerangs (quivered)
Armour
 e - a +2 cloak (worn)
 l - a +2 pair of gloves (worn)
 p - a +0 helmet
 w - a +0 plate armour (worn)
Jewellery
 d - a ring of positive energy (left hand)
 f - an amulet of regeneration (around neck)
 o - an uncursed ring of positive energy
 v - an uncursed ring of protection from fire
 y - a ring of see invisible (right hand)
 A - an uncursed amulet of harm
Wands
 b - a wand of flame (59)
 t - a wand of acid (8)
Scrolls
 h - 2 scrolls of identify
 k - 4 scrolls of remove curse
 m - 6 scrolls of teleportation
 n - 3 scrolls of magic mapping
 u - a scroll of fear
Potions
 g - 2 potions of curing
 i - a potion of magic {unknown}
 j - 2 potions of brilliance
 r - a potion of haste
 s - a potion of invisibility
 z - 2 potions of berserk rage
Comestibles
 c - 26 rations


   Skills:
 + Level 6.7 Fighting
 + Level 9.3 Axes
 + Level 2.8 Throwing
 * Level 8.2 Armour
 * Level 6.6 Dodging
 * Level 8.9 Invocations


You had 11 spell levels left.
You didn't know any spells.
Your spell library contained the following spells:

 Spells                   Type           Power        Failure   Level  Hunger
 Beastly Appendage        Tmut           #.....       100%        1    ##.....
 Sticks to Snakes         Tmut           #.......     100%        2    ###....
 Spider Form              Tmut/Pois      #.........   100%        3    ####...
 Ice Form                 Ice/Tmut       #.......     100%        4    #####..
 Blade Hands              Tmut           #.........   100%        5    ######.


Dungeon Overview and Level Annotations

Branches:
Dungeon (13/15)            Temple (0/1) D:5            Lair (0/6) D:11
    Orc: D:9-12      Vaults: D:13-14

Altars:
Cheibriados
Gozag
Kikubaaqudgha
Makhleb
Qazlal
Yredelemnul
Zin

Shops:
D:9 }   D:10 ?


Innate Abilities, Weirdness & Mutations

You have hooves in place of feet.
Armour fits poorly on your strangely shaped body.
You cover ground very quickly.
You have extremely tough skin. (AC +3)
You have a pair of small horns on your head.
You are covered in fur. (AC +1)


Message History

The shadow wraith is heavily damaged.
The shadow wraith hits you.
You eat one of the 27 rations.
That ration really hit the spot!
The shadow wraith hits you!
* * * LOW HITPOINT WARNING * * *
You hit the shadow wraith but do no damage.
Your kick misses the shadow wraith.
The shadow wraith is heavily damaged.
The shadow wraith hits you but does no damage. x2
You hit the shadow wraith. Your headbutt misses the shadow wraith.
The shadow wraith is heavily damaged.
The shadow wraith hits you!
* * * LOW HITPOINT WARNING * * *
The shadow wraith drains your vigour!
You feel as though you will be slow longer.
Your plate armour prevents you from hitting the shadow wraith.
Your kick misses the shadow wraith.
The shadow wraith is heavily damaged.
The shadow wraith hits you!
You die...

.. .## ..##
#..
#.########
#)#......#
#(#...ยง..#
#(#W####.#
#)#@# #
#((.#
##.#.).#
#.<.(..#
........#.#
####...(#.#
.........
###########


You could see a shadow wraith (invisible).

Vanquished Creatures
  The ghost of mortelune the Schismatic, a journeyman DsAK of Lugonu (D:8)
  A centaur warrior (D:8)
  A two-headed ogre (D:10)
  2 unseen horrors
  A deep elf mage (D:10)
  A spectral centaur (D:8)
  A kobold demonologist (D:13)
  A troll (D:10)
  A slime creature (D:10)
  Prince Ribbit (D:9)
  A hippogriff (D:9)
  Sigmund (D:2)
  A wyvern (D:9)
  A human (D:7)
  2 yaks
  3 hungry ghosts
  3 hogs (D:7)
  3 wargs
  An acid dragon (D:9)
  Menkaure (D:5)
  Duvessa (D:7)
  5 ice beasts
  4 sky beasts
  A black bear (shapeshifter) (D:8)
  A hornet zombie (D:9)
  5 orc warriors
  A black bear (D:8)
  3 phantoms
  3 ogres
  3 centaurs
  3 big kobolds
  6 bullfrogs
  Dowan (D:7)
  A scorpion (D:10)
  23 killer bees
  3 jellies
  12 wights
  3 howler monkeys
  A spectral bullfrog (D:8)
  2 bullfrog zombies
  5 crimson imps
  3 quasits
  A hound (D:5)
  3 bullfrog skeletons
  Crazy Yiuf (D:3)
  A centaur skeleton (D:4)
  11 orc priests
  A gnoll shaman (D:6)
  Natasha (twice) (D:2)
  An iguana (D:4)
  19 orc wizards
  7 worker ants
  2 bullfrog simulacra (D:9)
  2 human simulacra (D:9)
  A hound skeleton (D:4)
  A howler monkey zombie (D:3)
  Robin (D:2)
  11 gnolls
  3 worker ant zombies
  13 adders
  An ooze (D:2)
  An adder zombie (D:8)
  2 worms
  2 leopard geckos
  42 orcs
  4 ball pythons
  6 bats
  2 giant cockroaches
  16 hobgoblins
  6 jackals
  24 kobolds
  7 quokkas
  3 frilled lizards
  18 goblins
  6 rats
339 creatures vanquished.

Vanquished Creatures (others)
  A hydra (D:13)
  A two-headed ogre (D:8)
  A deep troll (D:13)
  A spiny frog (shapeshifter) (D:13)
  A hornet (D:8)
  2 orc warriors
  A lurking horror (Abyss:2)
  A plant (D:8)
9 creatures vanquished.

Grand Total: 348 creatures vanquished

Notes
Turn   | Place    | Note
-------+----------+-------------------------------------------
     0 | Abyss:1  | Gargoyl the Centaur Abyssal Knight began the quest for the
                  | Orb.
     0 | Abyss:1  | Reached XP level 1. HP: 19/19 MP: 2/2
     3 | Abyss:1  | Noticed a small abomination
    19 | Abyss:1  | Noticed a quasit
    55 | Abyss:2  | Noticed a shining eye
   107 | Abyss:2  | Noticed an orange demon
   123 | Abyss:2  | Found a corrupted altar of Lugonu.
   262 | Abyss:2  | Found a basalt altar of Yredelemnul.
   262 | Abyss:2  | Noticed a starcursed mass
   280 | Abyss:2  | Noticed a large abomination
   282 | Abyss:2  | Noticed a rust devil
   286 | D:1      | Escaped the Abyss
   397 | D:1      | Reached XP level 2. HP: 25/26 MP: 3/3
   509 | D:1      | Reached * piety under Lugonu
   645 | D:1      | Reached skill level 1 in Dodging
   665 | D:1      | Reached skill level 2 in Axes
   852 | D:1      | Reached XP level 3. HP: 31/31 MP: 4/4
  1421 | D:2      | Reached XP level 4. HP: 37/38 MP: 5/5
  1475 | D:2      | Noticed Robin
  1484 | D:2      | Reached ** piety under Lugonu
  1491 | D:2      | Killed Robin
  1645 | D:2      | Noticed Sigmund
  1673 | D:2      | Killed Sigmund
  1673 | D:2      | Reached skill level 3 in Axes
  1673 | D:2      | Reached XP level 5. HP: 34/46 MP: 5/7
  1722 | D:2      | Reached XP level 6. HP: 52/52 MP: 8/8
  2043 | D:2      | Noticed Natasha
  2051 | D:2      | Killed Natasha
  2128 | D:2      | Noticed Natasha
  2137 | D:2      | Killed Natasha
  2476 | D:3      | Reached *** piety under Lugonu
  2970 | D:3      | Found a runed translucent door.
  2971 | D:3      | Noticed Crazy Yiuf
  3050 | D:3      | Killed Crazy Yiuf
  3050 | D:3      | Reached skill level 4 in Axes
  3050 | D:3      | Reached XP level 7. HP: 58/58 MP: 9/9
  3165 | D:4      | Found a basalt altar of Yredelemnul.
  3934 | D:5      | Entered Level 5 of the Dungeon
  4264 | D:5      | Reached skill level 5 in Axes
  4290 | D:5      | Reached XP level 8. HP: 32/66 MP: 11/11
  4460 | D:5      | Reached skill level 1 in Throwing
  4525 | D:5      | Found a glowing silver altar of Zin.
  4591 | D:5      | Noticed Menkaure
  4602 | D:5      | Killed Menkaure
  4694 | D:5      | Found a staircase to the Ecumenical Temple.
  4759 | D:6      | Reached **** piety under Lugonu
  4851 | D:7      | Reached skill level 5 in Invocations
  4984 | D:7      | Reached skill level 6 in Axes
  5106 | D:7      | Upgraded the game from 0.24-a0-586-g8e0e932a4c to
                  | 0.24-a0-592-g9a1d66b0e3
  5113 | D:7      | Found an ancient bone altar of Kikubaaqudgha.
  5142 | D:7      | Found a glowing silver altar of Zin.
  5311 | D:6      | Reached XP level 9. HP: 73/73 MP: 11/13
  5482 | D:6      | Reached skill level 5 in Fighting
  5770 | D:7      | Noticed Duvessa
  5770 | D:7      | Noticed Dowan
  5783 | D:7      | Killed Duvessa
  5783 | D:7      | Reached skill level 5 in Dodging
  5804 | D:7      | Killed Dowan
  6003 | D:7      | Found an opulent altar of Gozag.
  6443 | D:7      | Reached skill level 7 in Axes
  6463 | D:7      | Reached skill level 5 in Armour
  6693 | D:7      | Reached XP level 10. HP: 81/81 MP: 14/14
  6961 | D:8      | Found a snail-covered altar of Cheibriados.
  7002 | D:8      | Noticed a centaur warrior
  7023 | D:8      | Killed a centaur warrior
  7335 | D:8      | Found a stormy altar of Qazlal.
  7336 | D:8      | Found a burning altar of Makhleb.
  7687 | D:8      | Noticed a two-headed ogre
  7737 | D:8      | Banished a two-headed ogre
  7737 | D:8      | Reached skill level 8 in Axes
  8173 | D:9      | Noticed Prince Ribbit
  8346 | D:9      | Killed Prince Ribbit
  9160 | D:9      | Found Jout's Gadget Shop.
  9167 | D:9      | Found a runed translucent gate.
  9167 | D:9      | Found a runed translucent gate.
  9168 | D:9      | Found a runed translucent gate.
  9170 | D:9      | Noticed a spectral centaur warrior
  9185 | D:9      | Noticed mortelune's ghost (journeyman DsAK)
  9358 | D:9      | Reached XP level 11. HP: 87/89 MP: 16/16
  9680 | D:8      | Killed mortelune's ghost
  9914 | D:10     | Entered Level 10 of the Dungeon
 10539 | D:10     | Reached ***** piety under Lugonu
 10853 | D:10     | Found Womeh's Magic Scroll Emporium.
 10856 | D:10     | Bought a scroll of teleportation for 36 gold pieces
 10856 | D:10     | Bought a scroll of teleportation for 36 gold pieces
 10856 | D:10     | Bought a scroll of teleportation for 36 gold pieces
 10856 | D:10     | Bought a scroll of fear for 42 gold pieces
 11423 | D:10     | Noticed an unseen horror
 11440 | D:10     | Killed an unseen horror
 11440 | D:10     | Reached skill level 9 in Axes
 11637 | D:10     | Noticed a deep elf mage
 11651 | D:10     | Killed a deep elf mage
 11743 | D:10     | Noticed a two-headed ogre
 11755 | D:10     | Killed a two-headed ogre
 12012 | D:11     | Gained mutation: You have a pair of small horns on your
                  | head. [potion of mutation]
 12012 | D:11     | Gained mutation: You are covered in fur. (AC +1) [potion of
                  | mutation]
 12115 | D:11     | HP: 4/91 [warg (11)]
 12432 | D:11     | Found a staircase to the Lair.
 12448 | D:11     | You fall into a shaft and drop 2 floors!
 12577 | D:13     | Escaped the Abyss
 12611 | D:13     | Killed an unseen horror
 12732 | D:13     | Noticed a five-headed hydra
 12734 | D:13     | Banished a five-headed hydra
 12735 | D:13     | Noticed a deep troll
 12737 | D:13     | Noticed a shadow wraith
 12744 | D:13     | Banished a deep troll
 12744 | D:13     | Reached XP level 12. HP: 47/97 MP: 10/18
 12752 | D:13     | Slain by a shadow wraith

Levels and vault maps discovered:
D:1:      dpeg_arrival_chambers_temple_mockup, layout_loops_ring
D:2:      layout_rooms, uniq_natasha, uniq_robin, uniq_sigmund
D:3:      layout_basic, st_stairs_10, uniq_crazy_yiuf_cottage
D:4:      layout_basic, nicolae_overflow_crystal_walls
D:5:      layout_gridville, temple_green, first_ration, basic_altar,
          uniq_menkaure
D:6:      layout_basic
D:7:      layout_basic, overflow_temple_1_default, kiku_gazebo_garden_becter,
          nicolae_gozag_seed_capital, grunt_livestock, minivault_25,
          uniq_duvessa
D:8:      layout_gridville, gammafunk_temple_overflow_statue, basic_altar,
          minmay_shattered_shrine
D:9:      layout_cave_pools, serial_shops, nicolae_shop_waterfront,
          gammafunk_ghost_necromancy, bh_circular_ruins, uniq_prince_ribbit1
D:10:     minmay_polygon_palace, layout_irregular_city, serial_shops,
          kennysheep_mini
D:11:     minmay_the_grid_plus [minmay_the_grid_mess, minmay_the_grid_embedded,
          minmay_the_grid_stretched_grid, minmay_the_grid_spin_star,
          minmay_the_grid_prize_trominoes], layout_loops_ring,
          erik_lair_orcish_takeover, orc_0_dummy
D:13:     layout_loops_ring, david_vaults_4

Skill      XL: |  1  2  3  4  5  6  7  8  9 10 11 |
---------------+----------------------------------+-----
Dodging        | 1 2 3 4 5 6 |  6.6
Axes           | 2 3 4 5 6 7 8 9 |  9.3
Armour         | 2 3 5 6 8 |  8.2
Invocations    | 3 4 5 6 7 8 |  8.9
Fighting       | 4 5 6 |  6.7
Throwing       | 1 2 |  2.8

Action                   |  1- 3 |  4- 6 |  7- 9 | 10-12 || total
-------------------------+-------+-------+-------+-------++-------
Melee: Hand axe          |   100 |   166 |   426 |   926 ||  1618
       Kick              |     7 |    35 |    98 |   215 ||   355
       Headbutt          |       |       |       |    15 ||    15
Throw: Boomerang         |       |       |    16 |    36 ||    52
Invok: Depart the Abyss  |     1 |       |       |     1 ||     2
       Banish            |       |       |     2 |     8 ||    10
       Enter the Abyss   |       |       |       |     1 ||     1
  Use: Scroll            |     6 |     6 |     6 |     4 ||    22
       Potion            |       |       |     6 |     6 ||    12
 Stab: Invisible         |       |       |     8 |       ||     8
  Eat: Chunk             |       |     5 |     8 |    20 ||    33
       Ration            |       |       |     1 |     5 ||     6
Armor: Leather armour    |    76 |   109 |   165 |       ||   350
       Plate armour      |       |       |   108 |   980 ||  1088
Dodge: Dodged            |    59 |   108 |   161 |   276 ||   604

Table legend:
 A = Non-vault XP
 B = Vault XP
 C = Vault XP percentage of total XP
 D = Non-vault monster count
 E = Vault monster count
 F = Vault count percentage of total count
                 A         B        C        D         E       F
            +---------+---------+-------+---------+---------+-------
      Total |   12398 |    9729 |  44.0 |     272 |      74 |  21.4
            +---------+---------+-------+---------+---------+-------
        D:1 |      47 |       0 |   0.0 |      26 |       0 |   0.0
        D:2 |     221 |     296 |  57.3 |      31 |      15 |  32.6
        D:3 |     147 |      44 |  23.0 |      23 |       4 |  14.8
        D:4 |     215 |       0 |   0.0 |       6 |       0 |   0.0
        D:5 |    1064 |     154 |  12.6 |      17 |       1 |   5.6
        D:6 |    1064 |       0 |   0.0 |      27 |       0 |   0.0
        D:7 |    1162 |    1194 |  50.7 |      22 |       7 |  24.1
        D:8 |     656 |    4102 |  86.2 |      11 |      17 |  60.7
        D:9 |    2896 |     605 |  17.3 |      60 |       9 |  13.0
       D:10 |    3393 |    1579 |  31.8 |      32 |      12 |  27.3
       D:11 |     252 |     478 |  65.5 |       7 |       6 |  46.2
       D:13 |    1281 |    1277 |  49.9 |      10 |       3 |  23.1
            +---------+---------+-------+---------+---------+-------
